 Dungeon Crawl Stone Soup version 0.27-a0-1232-gc6a4cbde82 (webtiles) character file.

Game seed: 3628262714786774086

250 tsouns the Bolt Thrower (level 6, -12/39 HPs)
             Began as an Octopode Hunter on June 8, 2021.
             Was a Believer of Yredelemnul.
             Mangled by Eustachio
             ... wielding a +3 rapier of electrocution
              (14 damage)
             ... on level 4 of the Dungeon.
             The game lasted 00:04:00 (3884 turns).

tsouns the Bolt Thrower (Octopode Hunter)           Turns: 3884, Time: 00:04:01

Health: -12/39     AC:  1    Str: 13      XL:     6   Next: 13%
Magic:  6/6        EV: 13    Int: 14      God:    Yredelemnul [**....]
Gold:   191        SH:  0    Dex:  9 (12) Spells: 5/5 levels left

rFire    . . .     SeeInvis .   s - +0 short sword (venom)
rCold    . . .     Faith    .   (no shield)
rNeg     . . .     Spirit   .   (helmet restricted)
rPois    +         Reflect  .   (no amulet)
rElec    .         Harm     .   m - ring of poison resistance
rCorr    .         Rampage  .   (no ring)
Will     .....                  (no ring)
Stlth    ++........             (no ring)
HPRegen  0.13/turn              (no ring)
MPRegen  0.10/turn              (no ring)
                                (no ring)
                                (no ring)

@: no status effects
A: almost no armour, amphibious, 8 rings, camouflage 1, gelatinous body 1,
(nimble swimmer 1), tentacles
a: Renounce Religion, Animate Remains, Recall Undead Slaves, Injury Mirror


You were on level 4 of the Dungeon.
You worshipped Yredelemnul.
Yredelemnul was pleased with you.
You visited 1 branch of the dungeon, and saw 4 of its levels.

You collected 191 gold pieces.

Inventory:

Hand Weapons
 a - a +1 hand crossbow
 b - a +0 short sword
 s - a +0 short sword of venom (weapon)
Missiles
 j - 61 arrows
 r - 4 bolts
Jewellery
 m - a ring of poison resistance (left tentacle)
 u - a ring of fire
 w - an amulet of magic regeneration
Scrolls
 c - 2 scrolls of torment {unknown}
 e - 3 scrolls of immolation {unknown}
 h - 3 scrolls of identify {unknown}
 k - a scroll of fog {unknown}
 o - a scroll of blinking {unknown}
 t - a scroll of enchant armour {unknown}
Potions
 d - a potion of resistance {unknown}
 f - a potion of heal wounds {unknown}
 g - a potion of attraction {unknown}
 i - 2 potions of mutation {unknown}
 l - a potion of berserk rage {unknown}
 n - 2 potions of magic {unknown}
 p - a potion of cancellation {unknown}
 q - 2 potions of haste {unknown}
 v - a potion of curing {unknown}


   Skills:
 - Level 2.0 Fighting
 * Level 7.2 Crossbows
 - Level 2.0 Dodging
 - Level 1.3 Stealth


You had 5 spell levels left.
You didn't know any spells.
Your spell library contained the following spells:

 Spells                   Type           Power      Damage    Failure   Level
 Beastly Appendage        Tmut           0%         N/A       28%         1
 Wereblood                Tmut           0%         N/A       41%         2
 Spider Form              Tmut/Pois      0%         N/A       65%         3
 Ice Form                 Ice/Tmut       0%         N/A       96%         4
 Hydra Form               Tmut           0%         N/A       100%        5


Dungeon Overview and Level Annotations

Branches:
Dungeon (4/15)
 Temple: D:4-7

Altars:
Yredelemnul

Annotations:
D:4 Eustachio


Innate Abilities, Weirdness & Mutations

You cannot wear most types of armour.
You are amphibious.
You can wear up to eight rings at the same time.
Your skin changes colour to match your surroundings (Stealth+).
Your rubbery body absorbs attacks. (AC +1, EV +1)
((You are camouflaged near water. (Stealth+)))
You have tentacles for arms and can constrict up to eight enemies at once.


Message History

The quasit disappears in a puff of smoke!
The bat hits you.
A black bear comes into view.
There is a stone staircase leading up here.
The black bear growls angrily.
Eustachio says, "Summoning is fun!"
The quasit closely misses you. The quasit barely misses you.
The quasit closely misses you.
You climb upwards.
There is a stone staircase leading down here.
HP restored.
Done exploring.
You climb downwards.
Level annotation: Eustachio Eustachio gestures wildly while chanting.
Eustachio blinks!
There is a stone staircase leading up here.
Unknown command.
Eustachio gestures wildly while chanting.
The bat misses you.
Eustachio hits you with a +3 rapier of electrocution!
You hit Eustachio.
Eustachio is poisoned.
You grab Eustachio. Your squeeze misses Eustachio.
Eustachio is lightly wounded.
You constrict Eustachio. The quokka closely misses you.
Eustachio hits you with a +3 rapier of electrocution.
You hit Eustachio. You squeeze Eustachio.
Eustachio is moderately wounded.
You constrict Eustachio. The quokka bites you.
Eustachio hits you with a +3 rapier of electrocution!
* * * LOW HITPOINT WARNING * * *
You hit Eustachio.
Eustachio looks as sick as possible!
Eustachio is heavily wounded.
You constrict Eustachio. The quokka bites you.
* * * LOW HITPOINT WARNING * * *
Eustachio hits you with a +3 rapier of electrocution.
* * * LOW HITPOINT WARNING * * *
You are electrocuted!
You die...
Your body rises from the dead as a mindless zombie.

#... # #... ## #@.#
.######### #..#
.......>.#######..#
..######......).#
.## ########.## .#
########@r# ##
........#@# #
..........## #
.......h...# #
...........#
..?....<...#
.....w......#
............#
.............#
...........#.#


You could see Eustachio (extremely poisoned), a black bear, a dart slug and a
quokka (summoned).

Vanquished Creatures
  2 howler monkeys (D:3)
  An orc wizard (D:3)
  A hound skeleton (D:4)
  5 adders
  2 worms
  4 dart slugs
  3 orcs (D:3)
  10 endoplasms
  5 giant cockroaches
  3 goblins
  4 hobgoblins
  4 jackals (D:1)
  5 kobolds
  2 quokkas
  7 ball pythons
  7 bats
  4 frilled lizards
  6 rats
75 creatures vanquished.

Notes
Turn   | Place    | Note
-------+----------+-------------------------------------------
     0 | D:1      | tsouns the Octopode Hunter began the quest for the Orb.
     0 | D:1      | Reached XP level 1. HP: 14/14 MP: 1/1
    70 | D:1      | Reached XP level 2. HP: 19/19 MP: 2/2
   620 | D:1      | Reached XP level 3. HP: 10/24 MP: 3/3
   834 | D:1      | Reached skill level 5 in Crossbows
  1423 | D:2      | Reached XP level 4. HP: 12/29 MP: 4/4
  1925 | D:2      | Found a faded altar of an unknown god.
  1991 | D:2      | Became a worshipper of Yredelemnul the Dark
  1991 | D:2      | Reached * piety under Yredelemnul
  2053 | D:3      | Reached skill level 6 in Crossbows
  2130 | D:3      | Reached XP level 5. HP: 26/34 MP: 5/5
  2819 | D:3      | Reached skill level 7 in Crossbows
  3388 | D:4      | Reached XP level 6. HP: 24/39 MP: 6/6
  3703 | D:4      | Reached ** piety under Yredelemnul
  3793 | D:4      | Noticed Eustachio
  3812 | D:4      | Noticed a black bear
  3884 | D:4      | Mangled by Eustachio

Illustrated notes

Levels and vault maps discovered:
D:1:      matt_arrival_grand_opening, layout_loops_ring, serial_park_tiny_2,
          minmay_bisected
D:2:      layout_basic, hellmonk_ecumenical_altar_run_dry
D:3:      minmay_general_purpose_star, layout_basic
D:4:      kennysheep_six_static_rooms, layout_cave_pods,
          uniq_crazy_yiuf_cottage, uniq_eustachio

Skill      XL: |  1  2  3  4  5 |
---------------+----------------+-----
Crossbows      | 5 6 7 |  7.2
Fighting       | |  2.0
Dodging        | |  2.0
Stealth        | |  1.3

Action                   |  1- 3 |  4- 6 || total
-------------------------+-------+-------++-------
Melee: Short sword       |    14 |    73 ||    87
       Tentacles         |     2 |    15 ||    17
       Constrict         |     2 |    18 ||    20
 Fire: Hand crossbow     |    64 |     9 ||    73
 Stab: Sleeping          |     2 |     9 ||    11
       Distracted        |       |     2 ||     2
Armor: Skin              |       |     7 ||     7
Dodge: Dodged            |    17 |    65 ||    82

Table legend: (Time is in decaauts)
 A = Elapsed time spent in this place.
 B = Non-inter-level travel time spent in this place.
 C = Inter-level travel time spent in this place.
 D = Time resting spent in this place.
 E = Time spent auto-exploring this place.
 F = Levels seen in this place.
 G = Mean time per level.
                   A        B        C        D        E       F      G
               +--------+--------+--------+--------+--------+-----+--------+
         Total |   3908 |   3799 |    109 |      0 |   3305 |   4 |  977.0 |
       Dungeon |   3908 |   3799 |    109 |      0 |   3305 |   4 |  977.0 |
               +--------+--------+--------+--------+--------+-----+--------+

Top non-repeatable levels by time:
     D:3: 1334 daAuts
     D:1: 1138 daAuts
     D:2: 910 daAuts
     D:4: 524 daAuts
